 Dungeon Crawl Stone Soup version 0.19-a0-1697-g0595f0e (webtiles) character file.

2723 kae the Spear-Bearer (level 9, -3/64 HPs)
             Began as a Formicid Fighter on Sept 26, 2016.
             Was a Follower of Makhleb.
             Slain by an orc warrior
             ... wielding a +1 halberd of venom
              (14 damage)
             ... on level 6 of the Dungeon.
             The game lasted 00:12:41 (7489 turns).

kae the Spear-Bearer (Formicid Fighter)             Turns: 7489, Time: 00:12:42

Health: -3/64      AC:  8    Str: 24    XL:     9   Next: 99%
Magic:  9/9        EV:  8    Int:  8    God:    Makhleb [*.....]
Gold:   258        SH:  9    Dex: 10    Spells: 0 memorised, 8 levels left

rFire  . . .     SeeInvis +     D - +0 scythe
rCold  . . .     Gourm    .     b - +1 scale mail
rNeg   . . .     Faith    .     c - +0 shield
rPois  +         Spirit   .     (helmet unavailable)
rElec  .         Dismiss  .     (no cloak)
rCorr  .         Reflect  .     (no gloves)
MR     .....     Harm     +     (no boots)
Stlth  +.........               x - amulet of harm
                                n - ring of stealth
                                e - ring of poison resistance

@: lethally poisoned (-3 -> -18)
A: permanent stasis, dig shafts and tunnels, four strong arms, antennae 3
a: Dig, Shaft Self, Renounce Religion


You were on level 6 of the Dungeon.
You worshipped Makhleb.
Makhleb was aware of your devotion.
You were not hungry.

You visited 2 branches of the dungeon, and saw 7 of its levels.
You also visited: Sewer.

You collected 339 gold pieces.
You spent 81 gold pieces at shops.

Inventory:

Hand Weapons
 a - a +0 trident
 s - the +3 rapier of Etietziurch {pierce, rC- rN+++ Dex+2 Stlth+}
   (You acquired it on level 5 of the Dungeon)

   It inflicts extra damage upon your enemies.
   It affects your dexterity (+2).
   It makes you vulnerable to cold.
   It renders you almost immune to negative energy.
   It makes you more stealthy.
 A - a +1 bardiche
 D - a +0 scythe (weapon)
Armour
 b - a +1 scale mail (worn)
 c - a +0 shield (worn)
Jewellery
 e - a ring of poison resistance (left hand)
 l - a cursed ring of teleportation {unknown}
 n - a ring of stealth (right hand)
 p - an uncursed ring of protection from cold
 r - an uncursed amulet of magic regeneration
 x - an amulet of harm (around neck)
Wands
 v - a wand of polymorph (0/24)
Scrolls
 g - a scroll of enchant weapon
 k - 3 scrolls of remove curse
 m - 3 scrolls of random uselessness
 o - 5 scrolls of identify
 y - a scroll of amnesia
 C - a scroll of torment {unknown}
Potions
 d - 2 potions of might
 h - 2 potions of cure mutation {unknown}
 i - a potion of mutation {unknown}
 j - a potion of heal wounds {unknown}
 t - 2 potions of degeneration
 u - a potion of flight
 E - a potion of curing
Books
 z - a book of Frost

   Spells                             Type                      Level
   a - Freeze                         Ice                          1
   b - Throw Frost                    Conjuration/Ice              2
   c - Ozocubu's Armour               Charms/Ice                   3
   d - Throw Icicle                   Conjuration/Ice              4
   e - Summon Ice Beast               Ice/Summoning                4
Comestibles
 f - 3 bread rations
 q - 2 beef jerkies
 w - 2 meat rations
 B - a royal jelly


   Skills:
 - Level 3.2 Fighting
 + Level 12.7 Polearms
 - Level 3.2 Armour
 - Level 3.6 Shields


You had 8 spell levels left.
You didn't know any spells.

Dungeon Overview and Level Annotations

Branches:
Dungeon (6/15)             Temple (1/1) D:5

Altars:
Ashenzari
Cheibriados
Dithmenos
Elyvilon
Gozag
Hepliaklqana
Kikubaaqudgha
Makhleb
Nemelex Xobeh
Qazlal
Ru
Trog
Xom
Zin

Shops:
D:5 *


Innate Abilities, Weirdness & Mutations

You are under a permanent stasis effect.
You can dig through walls and to a lower floor.
Your four strong arms can wield two-handed weapons with a shield.
You have a pair of large antennae on your head. (SInv)


Message History

You block the orc warrior's attack.
Attack whom?
Press: ? - help, Dir - move target cursor, f/p - orc warrior
Aim: an orc warrior, wielding a halberd of venom and wearing a plate armour (severely wounded)
You reach to attack!
Your scale mail prevents you from hitting the orc warrior.
The orc warrior is severely wounded.
You feel sick.
The orc warrior hits you from afar with a halberd of venom!
* * * LOW HITPOINT WARNING * * *
You are lethally poisoned!
Attack whom?
Press: ? - help, Dir - move target cursor, f/p - orc warrior
Aim: an orc warrior, wielding a halberd of venom and wearing a plate armour (severely wounded)
You reach to attack!
You barely miss the orc warrior.
The orc warrior is severely wounded.
* * * LOW HITPOINT WARNING * * *
You feel sick.
The orc warrior hits you from afar with a halberd of venom!
You die...

.. ....#..88 .. ........
###'# .#.8.. #... ###'#
##.## ..##... ##...##
........ ##.....## ........
###.......######..####.
#.).o.@.....#.##.. ##
........#.[.....#...#..
........##.....##...#..
.o.......##...##....#.....
.......{. ##.##.....#....
....................#... .
..##..##...##..##.####.####
.. ###
...##..##.####'##.###
........#.........#


You could see an orc warrior.

Vanquished Creatures
  The ghost of Saways the Slasher, a novice HuBe of Trog (D:6)
  Sigmund (D:5)
  A porcupine (D:6)
  2 orc warriors (D:6)
  A sky beast (D:5)
  2 ogres
  A centaur (D:4)
  2 bullfrogs (Sewer)
  Blork the orc (D:4)
  A water moccasin zombie (D:6)
  A scorpion (D:5)
  A water moccasin skeleton (D:6)
  2 howler monkeys
  2 bullfrog zombies (D:6)
  A hound (D:5)
  7 orc wizards
  6 orc priests
  A centaur skeleton (D:6)
  Jessica (D:2)
  5 worker ants
  A hound zombie (D:6)
  2 hound skeletons
  A gnoll (D:1)
  2 worker ant zombies (D:6)
  11 adders
  A shadow imp (D:6)
  An ooze (D:5)
  An adder zombie (D:5)
  3 adder skeletons
  6 worms
  2 dart slugs
  9 leopard geckos
  30 orcs
  8 bats
  9 giant cockroaches
  9 goblins
  6 hobgoblins
  11 jackals
  9 kobolds
  4 quokkas
  2 ball pythons (Sewer)
  12 frilled lizards
  2 jackal skeletons
  A jackal zombie (D:6)
  2 leopard gecko skeletons (D:5)
  A leopard gecko zombie (D:6)
  A quokka skeleton (D:6)
  2 quokka zombies (D:6)
  8 rats
197 creatures vanquished.

Vanquished Creatures (others)
  An orc wizard (D:4)
1 creature vanquished.

Grand Total: 198 creatures vanquished

Notes
Turn   | Place    | Note
-------+----------+-------------------------------------------
     0 | D:1      | kae the Formicid Fighter began the quest for the Orb.
     0 | D:1      | Reached XP level 1. HP: 18/18 MP: 1/1
    93 | D:1      | Reached XP level 2. HP: 19/24 MP: 2/2
   126 | D:1      | Reached skill level 3 in Polearms
   134 | D:1      | Reached XP level 3. HP: 24/29 MP: 3/3
   388 | D:1      | You fall through a shaft!
   888 | D:2      | Reached skill level 4 in Polearms
   888 | D:2      | Reached XP level 4. HP: 27/35 MP: 4/4
  1886 | D:3      | Noticed Jessica
  1891 | D:2      | Killed Jessica
  1891 | D:2      | Reached XP level 5. HP: 41/41 MP: 5/5
  1934 | D:3      | Reached skill level 5 in Polearms
  2155 | D:3      | Reached XP level 6. HP: 47/47 MP: 6/6
  2232 | D:3      | Reached skill level 6 in Polearms
  2436 | D:3      | Found a bloodstained altar of Trog.
  2522 | D:3      | Found a white marble altar of Elyvilon.
  2802 | D:4      | Noticed Blork the orc
  2810 | D:4      | Killed Blork the orc
  2949 | D:4      | Reached XP level 7. HP: 20/52 MP: 7/7
  3061 | D:4      | Reached skill level 7 in Polearms
  3240 | D:4      | Found a glowing drain.
  3281 | Sewer    | Entered a sewer
  3735 | Sewer    | Reached skill level 8 in Polearms
  4146 | D:4      | Reached XP level 8. HP: 27/58 MP: 8/8
  4150 | D:4      | Reached skill level 9 in Polearms
  4843 | D:5      | Entered Level 5 of the Dungeon
  4856 | D:5      | Found Yrebrera's Assorted Antiques.
  4864 | D:5      | Bought a scroll labeled OLONUEHACH for 28 gold pieces
  4864 | D:5      | Bought a cyan potion for 25 gold pieces
  4864 | D:5      | Bought a scroll labeled VUEQAG VIEMOH for 28 gold pieces
  4866 | D:5      | Got a transparent rapier
  4867 | D:5      | Identified the +3 rapier of Etietziurch {pierce, rC- rN+++ Dex+2 Stlth+} (You acquired it on level 5 of the Dungeon)
  5178 | D:5      | Found a staircase to the Ecumenical Temple.
  5211 | Temple   | Entered the Ecumenical Temple
  5226 | Temple   | Became a worshipper of Makhleb the Destroyer
  5330 | D:5      | Reached skill level 10 in Polearms
  5754 | D:5      | Noticed Sigmund
  5769 | D:5      | Killed Sigmund
  5769 | D:5      | Reached XP level 9. HP: 60/64 MP: 9/9
  5853 | D:6      | Noticed Saways's ghost (novice HuBe)
  6086 | D:6      | Reached skill level 11 in Polearms
  6134 | D:6      | Reached * piety under Makhleb
  7009 | D:6      | Reached skill level 12 in Polearms
  7022 | D:6      | HP: 3/64 [Saways's ghost (4)]
  7023 | D:6      | Killed Saways's ghost
  7466 | D:6      | Found a shimmering altar of Xom.
  7489 | D:6      | Slain by an orc warrior

Vault maps used:
D:1:      dpeg_chamrin_arrival_tetris, minmay_misc_feat_tiny
D:2:      serial_bayou, serial_bayou_pond_c, serial_bayou_pond_b,
          serial_bayou_crossing, serial_bayou_lagoon_a, first_bread
D:3:      marbit_many_paths, elyvilon_altar_1, minmay_misc_feat_x, uniq_jessica
D:4:      gup_sewer_entry_glass, uniq_blork_the_orc
D:5:      minmay_opposing_rooms, serial_shops, shop, uniq_sigmund
D:6:      lemuel_round_altar, gammafunk_temple_overflow_wave, serial_undead,
          serial_undead_d, serial_undead_b, serial_undead_c, serial_undead_f,
          corner_web_ring, kennysheep_generic_room_4
Temple:   nicolae_temple_x_marks_the_god
Sewer:    sewer_frog_island_01

Skill      XL: |  1  2  3  4  5  6  7  8  9 |
---------------+----------------------------+-----
Polearms       | 3 4 5 6 8 10 12 | 12.7
Fighting       | |  3.2
Armour         | |  3.2
Shields        | |  3.6

Action                   |  1- 3 |  4- 6 |  7- 9 || total
-------------------------+-------+-------+-------++-------
Melee: Trident           |   116 |   224 |   185 ||   525
       Bardiche          |       |    28 |   162 ||   190
       Scythe            |       |       |   140 ||   140
 Abil: Dig               |       |       |     5 ||     5
Evoke: Wand              |       |       |     6 ||     6
  Use: Scroll            |       |     9 |     4 ||    13
       Potion            |       |       |     5 ||     5
  Eat: Chunk             |       |     7 |    15 ||    22
       Royal jelly       |       |       |     1 ||     1
Armor: Scale mail        |    37 |    91 |   215 ||   343
Dodge: Dodged            |    29 |    80 |   148 ||   257
Block: Shield            |    39 |   130 |   249 ||   418
